 Dungeon Crawl Stone Soup version 0.30-a0-424-g7412bad402 (webtiles) character file.

Game seed: 4745107069668034502

619321 p00ps00p the Conqueror (level 27, -8/450 HPs)
             Began as a Hill Orc Fighter on Dec 10, 2022.
             Was an Initiate of Gozag.
             Mangled by a searing wretch (14 damage)
             ... on level 10 of a ziggurat.
             The game lasted 03:11:27 (70136 turns).

p00ps00p the Conqueror (Hill Orc Fighter)          Turns: 70136, Time: 03:11:28

Health: -8/450     AC: 34    Str: 39    XL:     27
Magic:  13/34      EV: 18    Int:  8    God:    Gozag
Gold:   8139       SH: 31    Dex: 15    Spells: 26/26 levels left

rFire   + + .      SeeInvis +    I - +9 broad axe of the Fox {spect, rCorr}
rCold   + + .      Faith    .    J - +8 tower shield {rC+}
rNeg    + + .      Spirit   .    q - +0 plate armour "Sianomouj" {rF+ rC+}
rPois   .          Reflect  .    W - +1 helmet of Happy Babbling {Dex+6}
rElec   .          Harm     .    c - +2 cloak "Yteeffiz" {rF+ Int+3}
rCorr   +          Rampage  +    L - +2 pair of gloves {infuse}
Will    +++++                    b - +1 pair of boots "Vatsungu" {rF+ Will++ Str+2}
Stlth   ..........               U - amulet of Sigeiv {Acrobat Rampage rN+ Will+ Regen+ MP+9}
HPRegen 1.75/turn                m - ring "Puuwoquc" {rN+ Will++ EV+4 Int-2 SInv}
MPRegen 0.24/turn                o - ring of Shadows {Umbra +Inv Stlth+}

@: berserking, fire vulnerable, gold aura, wreathed by umbra, studying 3 skills,
very quick
A: high MP 1, passive freeze, robust 1, strong 1, noise suppression
}: 4/15 runes: decaying, silver, abyssal, gossamer
a: Renounce Religion, Evoke Invisibility, Potion Petition, Call Merchant, Bribe
Branch


You were on level 10 of a ziggurat.
You worshipped Gozag.
Gozag was greatly pleased with you.
You visited 9 branches of the dungeon, and saw 42 of its levels.
You visited the Abyss 1 time.
You visited 1 ziggurat, and saw 10 of its levels.
You also visited: Trove, Ice Cave and Volcano.

You collected 34752 gold pieces.
You spent 12256 gold pieces at shops.
You paid 14357 gold pieces to Gozag.

Inventory:

Hand Weapons
 a - the +8 whip "Snakebite" {venom, curare, rPois}
   (You bought it in a shop on level 3 of the Swamp)

   It poisons the flesh of those it strikes.
   It occasionally inflicts asphyxiating poison on those it strikes, dealing
   poison damage and causing slowness.
   rPois:     It protects you from poison.
 r - a +3 antimagic broad axe
 v - a +3 war axe of flaming
 A - a +9 broad axe of freezing
 I - the +9 broad axe of the Fox (weapon) {spect, rCorr}
   (You found it in a treasure trove)

   When its wielder attacks, the weapon's spirit leaps out and strikes again.
   The spirit shares a part of any damage it takes with its wielder.
   rCorr:     It protects you from acid and corrosion.
Missiles
 h - 14 boomerangs of dispersal (quivered)
Armour
 b - the +1 pair of boots "Vatsungu" (worn) {rF+ Will++ Str+2}
   (You found it on level 2 of the Dungeon)

   Str:       It affects your strength (+2).
   rF:        It protects you from fire.
   Will:      It greatly increases your willpower.
 c - the +2 cloak "Yteeffiz" (worn) {rF+ Int+3}
   (You acquired it on level 1 of the Elven Halls)

   Int:       It affects your intelligence (+3).
   rF:        It protects you from fire.
 q - the +0 plate armour "Sianomouj" (worn) {rF+ rC+}
   (You bought it in a shop on level 4 of the Lair of Beasts)

   rF:        It protects you from fire.
   rC:        It protects you from cold.
 J - a +8 tower shield of cold resistance (worn)
 L - a +2 pair of gloves of infusion (worn)
 V - a +2 cloak of stealth
 W - the +1 helmet of Happy Babbling (worn) {Dex+6}
   (You found it on level 4 of the Depths)

   Dex:       It affects your dexterity (+6).
Jewellery
 m - the ring "Puuwoquc" (left hand) {rN+ Will++ EV+4 Int-2 SInv}
   (You acquired it on level 1 of the Spider Nest)

   [ring of evasion]

   EV:        It affects your evasion (+4).
   Int:       It affects your intelligence (-2).
   rN:        It protects you from negative energy.
   SInv:      It lets you see invisible.
   Will:      It greatly increases your willpower.
 o - the ring of Shadows (right hand) {Umbra +Inv Stlth+}
   (You found it on level 5 of a ziggurat)

   [ring of stealth]

   It surrounds you with an aura of shadow, increasing your stealth and reducing
   the accuracy of all others within it.
   +Inv:      It lets you turn invisible.
   Stlth:     It makes you more stealthy.
 z - a ring of poison resistance
 M - the ring of the Mage {Wiz Archmagi}
   (You found it on level 3 of the Depths)

   [ring of wizardry]

   It improves your spell success rate.
   Archmagi:  It increases the power of your magical spells.
 Q - the ring "Cibel" {rN++ MP+9 Int-3}
   (You found it on level 7 of a ziggurat)

   [ring of magical power]

   Int:       It affects your intelligence (-3).
   rN:        It greatly protects you from negative energy.
   MP:        It affects your magic capacity (+9).
 U - the amulet of Sigeiv (around neck) {Acrobat Rampage rN+ Will+ Regen+ MP+9}
   (You bought it in a shop on level 2 of the Orcish Mines)

   [amulet of the acrobat]

   It increases your evasion while moving and waiting.
   rN:        It protects you from negative energy.
   MP:        It affects your magic capacity (+9).
   Regen:     It increases your rate of health regeneration.
   Rampage:   It bestows one free step when moving towards enemies.
   Will:      It increases your willpower.
 X - the ring "Kiesk" {rPois Str+3 Int+6 Dex-2}
   (You bought it in a shop on level 5 of the Lair of Beasts)

   [ring of intelligence]

   Str:       It affects your strength (+3).
   Int:       It affects your intelligence (+6).
   Dex:       It affects your dexterity (-2).
   rPois:     It protects you from poison.
Wands
 e - a wand of roots (28)
 x - a wand of charming (67)
 B - a wand of digging (22)
 D - a wand of polymorph (26)
 E - a wand of flame (53)
 K - a wand of mindburst (42)
 R - a wand of acid (12)
Scrolls
 d - 10 scrolls of poison
 g - 7 scrolls of blinking
 j - 8 scrolls of magic mapping
 k - 16 scrolls of teleportation
 l - a scroll of silence
 t - 2 scrolls of enchant armour
 y - 16 scrolls of butterflies
 F - 10 scrolls of fear
 O - 4 scrolls of amnesia
 Z - 2 scrolls of summoning
Potions
 f - 19 potions of curing
 i - 7 potions of brilliance
 n - 16 potions of ambrosia
 p - 5 potions of might
 u - 4 potions of magic
 w - 5 potions of mutation
 C - 5 potions of haste
 G - 6 potions of flight
 H - 5 potions of invisibility
 N - 2 potions of resistance
 P - 5 potions of heal wounds
 S - a potion of cancellation
 Y - 3 potions of berserk rage
Miscellaneous
 s - a condenser vane
 T - a phantom mirror (inert)


   Skills:
 O Level 27 Fighting
 O Level 27 Axes
 - Level 22.5 Armour
 + Level 10.3 Dodging
 - Level 22.2 Stealth
 - Level 22.5 Shields


You had 26 spell levels left.
You didn't know any spells.
Your spell library contained the following spells:

 Spells                   Type           Power      Damage    Failure   Level
 Apportation              Tloc           0%         N/A       88%         1
 Foxfire                  Conj/Fire      0%         2x1d4     88%         1
 Freeze                   Ice            0%         1d3       88%         1
 Magic Dart               Conj           0%         1d3       88%         1
 Sandblast                Erth           0%         2d4       88%         1
 Shock                    Conj/Air       0%         1d3       88%         1
 Sting                    Tmut/Pois      0%         1d3       88%         1
 Call Imp                 Summ           0%         N/A       96%         2
 Cigotuvi's Dreadful Rot  Necr/Pois/Air  0%         N/A       96%         2
 Sublimation of Blood     Necr           0%         N/A       96%         2
 Call Canine Familiar     Summ           0%         N/A       99%         3
 Dazzling Flash           Conj/Hex       0%         N/A       99%         3
 Frozen Ramparts          Ice            0%         1d1       99%         3
 Gell's Gravitas          Tloc           0%         N/A       99%         3
 Hailstorm                Conj/Ice       0%         3d3       99%         3
 Lesser Beckoning         Tloc           0%         N/A       99%         3
 Mephitic Cloud           Conj/Pois/Air  0%         N/A       99%         3
 Ozocubu's Armour         Ice            0%         N/A       99%         3
 Portal Projectile        Hex/Tloc       0%         N/A       99%         3
 Summon Guardian Golem    Hex/Summ       0%         N/A       99%         3
 Swiftness                Air            0%         N/A       99%         3
 Teleport Other           Tloc           0%         N/A       99%         3
 Airstrike                Air            0%         2d(0-16)  100%        4
 Dispel Undead            Necr           0%         3d6       100%        4
 Ice Form                 Ice/Tmut       0%         N/A       100%        4
 Iskenderun's Mystic Bla  Conj/Tloc      0%         2d3       100%        4
 Leda's Liquefaction      Hex/Erth       0%         N/A       100%        4
 Petrify                  Tmut/Erth      0%         N/A       100%        4
 Summon Ice Beast         Ice/Summ       0%         N/A       100%        4
 Agony                    Necr           0%         N/A       100%        5
 Alistair's Intoxication  Tmut/Pois      0%         N/A       100%        5
 Arcjolt                  Conj/Air       0%         1d10      100%        5
 Blade Hands              Tmut           0%         N/A       100%        5
 Borgnjor's Vile Clutch   Necr/Erth      0%         N/A       100%        5
 Fireball                 Conj/Fire      0%         3d3       100%        5
 Irradiate                Conj/Tmut      0%         3d11      100%        5
 Lightning Bolt           Conj/Air       0%         1d11      100%        5
 Silence                  Hex/Air        0%         N/A       100%        5
 Summon Forest            Summ/Tloc      0%         N/A       100%        5
 Summon Mana Viper        Hex/Summ       0%         N/A       100%        5
 Yara's Violent Unravell  Hex/Tmut       0%         3d3       100%        5
 Conjure Ball Lightning   Conj/Air       0%         3x3d6     100%        6
 Death Channel            Necr           0%         N/A       100%        6
 Dispersal                Tloc           0%         N/A       100%        6
 Eringya's Noxious Bog    Tmut/Pois      0%         N/A       100%        6
 Starburst                Conj/Fire      0%         6d3       100%        6
 Summon Cactus Giant      Summ           0%         N/A       100%        6
 Enfeeble                 Hex            0%         N/A       100%        7
 Orb of Destruction       Conj           0%         9d5       100%        7
 Ozocubu's Refrigeration  Ice            0%         4d7       100%        7
 Spellforged Servitor     Conj/Summ      0%         N/A       100%        7
 Borgnjor's Revivificati  Necr           0%         N/A       100%        8
 Discord                  Hex            0%         N/A       100%        8
 Disjunction              Tloc           0%         N/A       100%        8
 Necromutation            Tmut/Necr      0%         N/A       100%        8
 Death's Door             Necr           0%         N/A       100%        9
 Animate Dead             Necr           Unusable   N/A       N/A         4
 Simulacrum               Ice/Necr       Unusable   N/A       N/A         6

Dungeon Overview and Level Annotations

Branches:
Dungeon (15/15)            Temple (1/1) D:6            Lair (5/5) D:8
  Swamp (4/4) Lair:3       Spider (4/4) Lair:2        Slime (0/5) Lair:4
    Orc (2/2) D:12            Elf (2/3) Orc:2        Vaults (5/5) D:13
  Crypt (0/3) Vaults:2     Depths (4/4) D:15            Zot (0/5) Depths:4
  IceCv (visited)         Volcano (visited)

Altars:
Ashenzari
Cheibriados
Dithmenos
Elyvilon
Fedhas
Gozag
Hepliaklqana
Kikubaaqudgha
Makhleb
Nemelex Xobeh
Okawaru
Qazlal
Ru
Sif Muna
Trog
Uskayaw
Vehumet
Wu Jian
Xom
Yredelemnul
Zin
The Shining One
Beogh
Jiyva

Shops:
D:5 :   D:11 [   D:12 *   D:14 ?   Orc:2 =!(:   Elf:1 ?[*?=(   Elf:2 (
Lair:1 [   Lair:4 [   Lair:5 =   Swamp:3 (   Spider:2 [   Vaults:1 ?
Vaults:4 (*   Vaults:5 ([   Depths:2 *

Portals:
Hell: Depths:1 Depths:2 Depths:3 Depths:4
Abyss: D:4 Depths:3 Depths:4
Pandemonium: Depths:1 Depths:2


Innate Abilities, Weirdness & Mutations

You have an increased reservoir of magic. (+10% MP)
A frigid envelope surrounds you and freezes all who hurt you.
You are robust. (+10% HP)
Your muscles are strong. (Str +4, Int/Dex -1)
You passively dampen the noise of your surroundings.


Message History

You cut the Brimstone Fiend into ribbons!!!
The Brimstone Fiend is severely wounded.
You slash the searing wretch!
You hit the hellephant but do no damage.
You slice the searing wretch!!
You open the Brimstone Fiend like a pillowcase!!!
Your +9 broad axe of the Fox {spect, rCorr} hits the searing wretch!
Your +9 broad axe of the Fox {spect, rCorr} hits the hellephant!
You block the Brimstone Fiend's attack.
The Brimstone Fiend hits you but does no damage.
The Brimstone Fiend is frozen!
The Brimstone Fiend is very cold.
The Brimstone Fiend is heavily wounded.
You block the Brimstone Fiend's attack. x2
The Brimstone Fiend hits you but does no damage.
The Brimstone Fiend is frozen!
The Brimstone Fiend is very cold.
The Brimstone Fiend is severely wounded.
The Brimstone Fiend hits you but does no damage.
The Brimstone Fiend is frozen!
The Brimstone Fiend is very cold.
The Brimstone Fiend is almost dead.
The hellephant tramples your +9 broad axe of the Fox {spect, rCorr}!!
Your spectral weapon shares its damage with you!
Your +9 broad axe of the Fox {spect, rCorr} is shoved backwards!
Your +9 broad axe of the Fox {spect, rCorr} fades away.
* * * LOW HITPOINT WARNING * * *
The searing wretch claws you!
* * * LOW HITPOINT WARNING * * *
You are engulfed in flames!
You resist.
* * * LOW HITPOINT WARNING * * *
The searing wretch resists.
The searing wretch is very cold.
The searing wretch is moderately damaged.
The searing wretch claws you.
* * * LOW HITPOINT WARNING * * *
The searing wretch resists.
The searing wretch is very cold.
The searing wretch is moderately damaged.
The searing wretch bites you but does no damage.
The searing wretch resists.
The searing wretch is very cold.
The searing wretch is moderately damaged.
The searing wretch misses you. The searing wretch claws you!
You die...
Your body crumbles into a pile of gold.

▓.........▓
▓.........▓
▓▓▓▓▓▓.........▓▓▓▓▓▓
▓...................▓
▓...................▓
▓):.................▓
▓∩)nY...............▓
▓>)1@.§............∩▓
▓∩=1nY..............▓
▓}...§..............▓
▓...................▓
▓...................▓
▓▓▓▓▓▓.........▓▓▓▓▓▓
▓.........▓
▓.........▓


You could see 2 hellephants, 2 searing wretches and 2 Brimstone Fiends.

Vanquished Creatures
  A dread lich (Vaults:4)
  4 ancient liches
  A juggernaut (Zig:7)
  Frederick (Vaults:4)
  7 golden dragons
  2 caustic shrikes (Depths:4)
  10 bone dragons
  2 profane servitors
  A Brimstone Fiend (Zig:10)
  2 tentacled monstrosities
  The ghost of p00ps00p the Warrior, an adept HOFi of Gozag (Depths:1)
  12 liches
  Jorgrun (Swamp:2)
  4 quicksilver dragons
  2 searing wretches (Zig:4)
  6 titans
  A deep elf master archer (Zig:9)
  The ghost of p00ps00p the Severer, an adept HOFi of Gozag (Elf:2)
  2 Executioners (Abyss:2)
  39 tentacled starspawn
  3 sphinxes
  5 tengu reavers
  2 thorn hunters
  Donald (Swamp:3)
  8 shadow dragons
  3 storm dragons
  A revenant (Vaults:2)
  3 iron dragons
  2 daevas
  9 fire giants
  A ghost moth (Spider:4)
  11 vault wardens
  17 frost giants
  8 deep elf sorcerers
  2 balrugs
  9 emperor scorpions
  Louise (Swamp:3)
  2 deep elf elementalists (Abyss:2)
  2 cacodemons
  36 very ugly things
  19 ironbound preservers
  A broodmother (Spider:2)
  3 orc warlords
  A war gargoyle (Vaults:3)
  A caustic shrike skeleton (Abyss:2)
  6 ironbound thunderhulks
  A broodmother (shapeshifter) (Vaults:4)
  A juggernaut skeleton (Abyss:2)
  An ophan (Abyss:2)
  3 spriggan defenders
  A reaper (Abyss:2)
  3 draconian annihilators
  11 stone giants
  3 starflowers (Abyss:4)
  A black draconian (Abyss:2)
  15 dire elephants
  3 lorocyprocas
  A red draconian (Abyss:1)
  9 deep elf annihilators
  4 deep elf demonologists
  6 bunyips
  2 white draconians (Abyss:2)
  2 eleionomae
  3 spark wasps
  3 green deaths
  3 blizzard demons
  3 deep elf death magi
  A crystal guardian (Vaults:3)
  3 jiangshi (Depths:4)
  Josephine (Lair:4)
  5 eidola
  4 shambling mangroves
  11 fire dragons
  9 ettins
  6 great orbs of eyes
  17 yaktaur captains
  3 deep elf high priests
  9 entropy weavers
  3 spriggan zombies (Abyss:2)
  Fannar (Lair:3)
  9 ice dragons
  An ice dragon (shapeshifter) (Abyss:1)
  Erolcha (D:10)
  15 hydras
  35 vault guards
  2 fenstrider witch zombies
  A peacekeeper (Vaults:3)
  10 rakshasas
  A jorogumo (Spider:4)
  11 ironbound frosthearts
  Harold (Orc:1)
  Erica (D:9)
  A catoblepas (D:15)
  A servant of whispers (Vaults:4)
  2 radroaches (Spider:4)
  33 dancing weapons
  A death knight (Abyss:2)
  5 ogre magi
  11 alligators
  8 boulder beetles
  13 centaur warriors
  8 two-headed ogres
  11 death yaks
  A deep troll shaman (Depths:3)
  19 hell hogs
  The ghost of mandarbmax the Cleaver, a novice GnRe of Gozag (D:7)
  7 tengu warriors
  A titan zombie (Abyss:2)
  Urug (D:13)
  6 vampire magi
  7 deep troll earth magi
  21 deep elf knights
  14 spriggan berserkers
  38 thrashing horrors
  An orc high priest (Zig:7)
  10 hell knights
  7 sun demons
  Sonja (Lair:5)
  3 soul eaters
  3 sun moths
  30 wretched stars
  A spatial maelstrom (Abyss:2)
  A fire crab (shapeshifter) (Elf:2)
  An iron troll (Depths:2)
  A storm dragon zombie (Abyss:2)
  Nergalle (Lair:3)
  2 spectral death yaks (Lair:5)
  A shadow wraith (Abyss:2)
  4 sea snakes (shapeshifter)
  14 sixfirhies
  A spark wasp zombie (Depths:4)
  2 death drakes
  3 goliath frogs
  2 spriggan druids
  6 skeletal warriors
  A spectral anaconda (Lair:5)
  A deep troll (shapeshifter) (Depths:2)
  2 fire crabs
  A death drake (shapeshifter) (Abyss:2)
  13 swamp dragons
  9 flayed ghosts
  8 steelbarb worms
  3 pharaoh ants
  The ghost of XWhyZ the Magician, a novice DjIE of Nemelex Xobeh (D:7)
  6 glowing orange brains
  2 shadow demons
  57 deep trolls
  9 orb spiders
  2 bog bodies (Swamp:2)
  5 harpies
  An anaconda zombie (Abyss:2)
  14 deep elf archers
  9 lindwurms
  An obsidian statue (Lair:5)
  2 shadow dragon zombies
  A tengu zombie (D:15)
  35 deep elf pyromancers
  5 phantasmal warriors
  11 necromancers
  11 wizards
  18 ironbound convokers
  A shadow dragon skeleton (D:15)
  7 manticores
  3 orc knights
  A tengu skeleton (Vaults:4)
  2 mana vipers (Abyss:1)
  2 shining eyes (shapeshifter)
  13 orc sorcerers
  23 wolf spiders
  29 deep elf zephyrmancers
  An oklob plant (Lair:3)
  A manticore (shapeshifter) (Abyss:2)
  A frost giant zombie (D:15)
  A shining eye (Abyss:1)
  13 worldbinders
  2 cyclopes (shapeshifter)
  2 will-o-the-wisps
  41 ugly things
  Maurice (D:10)
  3 cyclopes
  A guardian serpent (shapeshifter) (Abyss:2)
  67 large abominations
  A toenail golem (D:4)
  An elephant (shapeshifter) (Abyss:1)
  Joseph (D:8)
  16 elephants
  6 moths of wrath
  A salamander (Abyss:1)
  An ice statue (IceCv)
  7 black mambas
  17 apocalypse crabs
  7 orange demons
  A guardian serpent (Abyss:1)
  A naga mage (Abyss:1)
  A rust devil (Abyss:1)
  17 cane toads
  A stone giant skeleton (Vaults:2)
  2 eyes of devastation
  5 torpor snails
  A dire elephant zombie (Lair:5)
  29 smoke demons
  19 vault sentinels
  8 demonic crawlers
  2 fire giant skeletons (Vaults:2)
  2 molten gargoyles (Volcano)
  A hellion (Zig:10)
  A centaur skeleton (Abyss:2)
  A cane toad (shapeshifter) (Elf:2)
  9 komodo dragons
  20 yaktaurs
  7 unseen horrors
  8 rime drakes
  Psyche (D:10)
  5 tengu conjurers
  5 efreet
  A human zombie (Vaults:4)
  A yaktaur (shapeshifter) (Elf:2)
  2 kobold demonologists
  Maggie (D:10)
  4 freezing wraiths
  An ice devil (Depths:1)
  22 ancient zymes
  4 hellwings
  A silent spectre (Abyss:3)
  2 merfolk (shapeshifter)
  A troll (shapeshifter) (Elf:2)
  3 meliai (Spider:3)
  11 polar bears
  2 red devils
  9 trolls
  6 tyrant leeches
  A queen bee (Lair:2)
  25 tarantellas
  A harpy skeleton (Abyss:2)
  16 slime creatures
  A wind drake (shapeshifter) (Elf:2)
  77 raiju
  A tarantella (shapeshifter) (Elf:1)
  Prince Ribbit (Lair:2)
  25 blink frogs
  A dream sheep (D:7)
  16 hornets
  2 saltlings (Vaults:4)
  2 ettin zombies (Abyss:2)
  Sigmund (D:5)
  6 air elementals
  22 culicivoras
  84 starcursed masses
  25 flying skulls
  2 ettin skeletons
  11 spriggans
  2 shadows
  13 water elementals
  28 jumping spiders
  5 wyverns
  2 centaur simulacra (D:15)
  19 ynoxinuls
  2 yaks (shapeshifter)
  3 vampires
  35 yaks
  8 fire elementals
  A hog (shapeshifter) (D:14)
  16 humans
  12 wraiths
  A hog (D:7)
  Grum (Lair:1)
  2 culicivoras (shapeshifter)
  6 fire bats (Volcano)
  A basilisk (shapeshifter) (Elf:2)
  A human (shapeshifter) (Depths:4)
  A death yak simulacrum (Lair:5)
  65 redbacks
  A yaktaur simulacrum (Vaults:2)
  12 neqoxecs
  8 golden eyes
  An alligator snapping turtle simulacrum (Abyss:2)
  19 vampire mosquitoes
  A harpy simulacrum (Abyss:1)
  4 basilisks
  7 chaos spawn
  2 wargs
  2 spatial vortices (Abyss:2)
  A naga (Abyss:1)
  2 glowing shapeshifter zombies (Vaults:2)
  17 swamp worms
  A swamp worm (shapeshifter) (Depths:4)
  4 acid dragons
  15 water moccasins
  13 hell hounds
  A floating eye (Lair:4)
  A human skeleton (D:15)
  An ettin simulacrum (Abyss:2)
  6 swamp drakes
  2 naga skeletons
  A sky beast (D:7)
  21 orc warriors
  An elephant zombie (Lair:5)
  The ghost of p00ps00p the Trooper, an amateur HOFi (D:4)
  5 black bears
  4 ice beasts
  13 ogres
  7 boggarts
  6 centaurs
  9 wolves
  2 elephant skeletons (Lair:5)
  An elf simulacrum (Vaults:2)
  2 phantoms (D:5)
  4 kobold brigands
  9 bullfrogs
  5 earth elementals
  35 scorpions
  18 wights
  5 elephant simulacra (Lair:5)
  19 killer bees
  6 howler monkeys
  2 crimson imps
  75 small abominations
  6 lava snakes (Volcano)
  6 quasits
  Crazy Yiuf (D:3)
  A hound (shapeshifter) (Elf:2)
  6 hounds
  A jelly (shapeshifter) (Elf:2)
  A gnoll bouda (Orc:1)
  21 orc priests
  9 iron imps
  2 jellies (D:6)
  An iguana (D:6)
  35 orc wizards
  5 hell rats (Lair:5)
  13 gnolls
  9 adders
  A shadow imp (D:7)
  12 white imps
  15 ufetubi
  4 worms
  3 dart slugs
  68 orcs
  5 endoplasms
  4 giant cockroaches
  8 goblins
  5 hobgoblins
  7 jackals
  4 quokkas
  9 ball pythons
  2 bats
  5 frilled lizards
  19 kobolds
  2 rats
  4 lurking horrors
  42 starspawn tentacles
2773 creatures vanquished.

Vanquished Creatures (collateral kills)
  A rime drake (IceCv)
  A polar bear (IceCv)
  A wolf (IceCv)
3 creatures vanquished.

Vanquished Creatures (others)
  A deep elf sorcerer (Vaults:5)
  The ghost of cforsyth the Cleaver, a novice HOMo (D:7)
  A deep elf knight (Elf:2)
  The ghost of Clumpoid the Grappler, a novice TrMo of Cheibriados (D:7)
  A sixfirhy (Abyss:2)
  A deep elf archer (Elf:2)
  A phantasmal warrior (Vaults:5)
  3 rime drakes
  An unseen horror (shapeshifter) (Zig:9)
  An ancient zyme (Abyss:2)
  A polar bear (IceCv)
  A blink frog (Abyss:2)
  3 yaks (IceCv)
  A neqoxec (Abyss:2)
  A large abomination (Abyss:2)
  A boggart (Vaults:2)
  3 small abominations (Abyss:2)
  A quasit (Abyss:1)
  A jelly (Abyss:2)
  2 white imps (Abyss:2)
  3 bushes
  5 demonic plants
  4 foxfires (Abyss:2)
  28 fungi
  3 lurking horrors (Abyss:1)
  53 plants
  45 starspawn tentacles
  41 withered plants
209 creatures vanquished.

Grand Total: 2985 creatures vanquished

Notes
Turn   | Place    | Note
-------+----------+-------------------------------------------
     0 | D:1      | p00ps00p the Hill Orc Fighter began the quest for the Orb.
     0 | D:1      | Reached XP level 1. HP: 19/19 MP: 1/1
    49 | D:1      | Reached XP level 2. HP: 4/27 MP: 2/2
   186 | D:1      | Reached XP level 3. HP: 33/33 MP: 3/3
   523 | D:2      | Identified the +1 pair of boots "Vatsungu" {rF+ Will++
                  | Str+2}
   752 | D:2      | Identified the +10 long sword of Action {vamp, Drain rN+
                  | Will+ Stlth+}
   813 | D:2      | Reached XP level 4. HP: 40/40 MP: 4/4
   997 | D:3      | Found a faded altar of an unknown god.
  1535 | D:3      | Reached XP level 5. HP: 47/47 MP: 5/5
  1636 | D:3      | Found a runed translucent door.
  1637 | D:3      | Noticed Crazy Yiuf
  1798 | D:3      | Killed Crazy Yiuf
  2016 | D:4      | Found a transporter.
  2057 | D:4      | Found a transporter.
  2281 | D:4      | Noticed a toenail golem
  2284 | D:4      | Noticed p00ps00p's ghost (amateur HOFi)
  2351 | D:4      | Noticed an ice beast
  2364 | D:4      | Killed an ice beast
  2365 | D:4      | Reached skill level 5 in Fighting
  2365 | D:4      | Reached XP level 6. HP: 23/56 MP: 6/6
  2817 | D:5      | Entered Level 5 of the Dungeon
  2939 | D:5      | Reached skill level 5 in Axes
  2993 | D:5      | Found Vecvic's Vocational Training.
  2993 | D:5      | Noticed an ice beast
  2998 | D:5      | Killed an ice beast
  2999 | D:5      | Reached skill level 5 in Armour
  2999 | D:5      | Reached skill level 5 in Shields
  2999 | D:5      | Reached XP level 7. HP: 61/61 MP: 7/7
  3264 | D:5      | Noticed Sigmund
  3274 | D:5      | Killed Sigmund
  3275 | D:5      | Reached XP level 8. HP: 68/71 MP: 8/8
  3714 | D:6      | Found a shimmering altar of Xom.
  3718 | D:6      | Reached XP level 9. HP: 24/79 MP: 9/9
  3998 | D:6      | Found a staircase to the Ecumenical Temple.
  4051 | D:6      | You fall into a shaft and drop 3 floors!
  4054 | D:9      | Identified the +1 dagger "Kath" {vorpal, +Blink}
  4698 | D:8      | Noticed a troll
  4711 | D:7      | Noticed mandarbmax's ghost (novice GnRe)
  4711 | D:7      | Noticed XWhyZ's ghost (novice DjIE)
  4711 | D:7      | Found a runed translucent gate.
  4711 | D:7      | Found a runed translucent gate.
  4711 | D:7      | Found a runed translucent gate.
  4712 | D:7      | Noticed Clumpoid's ghost (novice TrMo)
  4712 | D:7      | Noticed cforsyth's ghost (novice HOMo)
  4822 | D:7      | Found a huge runed translucent gate.
  4823 | D:7      | Found a huge runed translucent gate.
  4823 | D:7      | Noticed a polar bear
  4824 | D:7      | Found a huge runed translucent gate.
  4824 | D:7      | Noticed a manticore
  4824 | D:7      | Noticed a manticore
  4824 | D:7      | Noticed a polar bear
  4825 | D:7      | Noticed a manticore
  4825 | D:7      | Noticed a polar bear
  4873 | D:7      | Noticed a manticore
  4947 | Temple   | Entered the Ecumenical Temple
  5093 | Temple   | Became a worshipper of Gozag Ym Sagoz the Greedy
  5402 | D:6      | Found a hide-covered altar of Uskayaw.
  5694 | D:7      | Reached XP level 10. HP: 91/91 MP: 10/10
  5751 | D:7      | Found a huge runed translucent gate.
  6134 | D:8      | Noticed Joseph
  6145 | D:8      | Killed Joseph
  6289 | D:8      | Identified the ring of Wogiff {rCorr Int+4 Stlth+}
  6377 | D:8      | Found a staircase to the Lair.
  6714 | D:8      | Reached skill level 10 in Axes
  6743 | D:8      | Found a shimmering blue altar of Sif Muna.
  6771 | D:8      | Found a stormy altar of Qazlal.
  6945 | D:9      | Noticed Erica
  6952 | D:9      | Killed Erica
  7358 | D:10     | Entered Level 10 of the Dungeon
  7393 | D:10     | Noticed Maurice
  7409 | D:10     | Killed Maurice
  7410 | D:10     | Reached skill level 10 in Fighting
  7510 | D:10     | Noticed a skeletal warrior
  7512 | D:10     | Noticed a skeletal warrior
  7532 | D:10     | Killed a skeletal warrior
  7556 | D:10     | Killed a skeletal warrior
  7557 | D:10     | Reached XP level 11. HP: 43/101 MP: 11/11
  7821 | D:10     | Noticed a skeletal warrior
  7821 | D:10     | Noticed a skeletal warrior
  8268 | D:10     | Noticed Psyche
  8269 | D:10     | Noticed Maggie
  8275 | D:10     | Killed Psyche
  8280 | D:10     | Killed Maggie
  8584 | Lair:1   | Entered Level 1 of the Lair of Beasts
  8584 | Lair:1   | Noticed Grum
  8584 | Lair:1   | Found a blossoming altar of Fedhas.
  8598 | D:8      | Reached skill level 10 in Armour
  8931 | D:8      | Reached skill level 10 in Shields
  9307 | Lair:1   | Killed Grum
 10670 | Lair:2   | Found a frozen archway.
 10692 | Lair:2   | Reached XP level 12. HP: 110/112 MP: 12/12
 10696 | IceCv    | Entered an ice cave
 10817 | IceCv    | Noticed a death yak
 10819 | IceCv    | Noticed a death yak
 10827 | IceCv    | Killed a death yak
 10839 | IceCv    | Killed a death yak
 11216 | IceCv    | Noticed a death yak
 11225 | IceCv    | Killed a death yak
 11266 | IceCv    | Noticed a death yak
 11279 | IceCv    | Killed a death yak
 11775 | IceCv    | Noticed a death yak
 11775 | IceCv    | Noticed a death yak
 11781 | IceCv    | Killed a death yak
 11800 | IceCv    | Killed a death yak
 12168 | IceCv    | Noticed a frost giant
 12168 | IceCv    | Noticed a death yak
 12182 | IceCv    | Killed a frost giant
 12194 | IceCv    | Killed a death yak
 12807 | Lair:2   | Noticed Prince Ribbit
 12813 | Lair:2   | Killed Prince Ribbit
 12818 | Lair:2   | Reached XP level 13. HP: 122/122 MP: 13/13
 12982 | Lair:2   | Found a hole to the Spider Nest.
 13519 | Lair:1   | Bought a masterwork plate armour for 616 gold pieces
 13519 | Lair:1   | Identified the +1 plate armour of the Wasteland {rF- rN+
                  | Int+3 Dex+4} (You bought it in a shop on level 1 of the
                  | Lair of Beasts)
 13920 | Lair:3   | Noticed Fannar
 13934 | Lair:3   | Killed Fannar
 14033 | Lair:3   | Noticed Nergalle
 14045 | Lair:3   | Killed Nergalle
 14123 | Lair:3   | Reached skill level 15 in Axes
 14652 | Lair:3   | Found a staircase to the Swamp.
 15503 | Lair:4   | Found a staircase to the Slime Pits.
 15504 | Lair:4   | Paralysed by a floating eye for 3 turns
 15508 | Lair:4   | Found a viscous altar of Jiyva.
 15746 | Lair:4   | Identified a scroll of acquirement
 15747 | Lair:4   | Acquired 575 gold pieces
 15752 | Lair:4   | Bought an ichor-stained plate armour for 896 gold pieces
 15752 | Lair:4   | Identified the +0 plate armour "Sianomouj" {rF+ rC+} (You
                  | bought it in a shop on level 4 of the Lair of Beasts)
 16094 | Lair:4   | Identified the +5 scale mail of Xezxolea {Will++ Int+4
                  | Dex-2}
 16235 | Lair:4   | Reached XP level 14. HP: 133/133 MP: 14/14
 16595 | Lair:5   | Entered Level 5 of the Lair of Beasts
 16595 | Lair:5   | Noticed Josephine
 16615 | Lair:4   | Killed Josephine
 17054 | Lair:5   | Reached skill level 15 in Fighting
 17292 | Lair:5   | Noticed Sonja
 17310 | Lair:5   | Killed Sonja
 17952 | Lair:5   | Noticed a dire elephant
 17952 | Lair:5   | Noticed a dire elephant
 17952 | Lair:5   | Noticed a dire elephant
 18558 | Lair:5   | Killed a dire elephant
 19160 | Lair:5   | Killed a dire elephant
 19877 | Lair:5   | Killed a dire elephant
 20332 | D:4      | Killed p00ps00p's ghost
 20359 | D:4      | Found a one-way gate to the infinite horrors of the Abyss.
 20574 | D:7      | Killed cforsyth's ghost
 20574 | D:7      | Killed Clumpoid's ghost
 20575 | D:7      | Killed mandarbmax's ghost
 20581 | D:7      | Killed XWhyZ's ghost
 20839 | D:7      | Reached XP level 15. HP: 64/143 MP: 15/15
 21200 | D:10     | Found a broken altar of Ashenzari.
 21752 | D:10     | Noticed Erolcha
 21758 | D:10     | Killed Erolcha
 22344 | D:11     | Reached skill level 15 in Armour
 22365 | D:11     | Reached skill level 15 in Shields
 23615 | D:12     | Found a staircase to the Orcish Mines.
 23770 | D:12     | Found Mapoung's CLEARANCE SALE!.
 23786 | D:12     | Bought a potion of curing for 15 gold pieces
 24038 | Orc:1    | Entered Level 1 of the Orcish Mines
 24038 | Orc:1    | Found Qoruamel's Book Shoppe.
 24145 | Orc:2    | Entered Level 2 of the Orcish Mines
 24149 | Orc:2    | Found a staircase to the Elven Halls.
 24408 | Orc:2    | Found a dark tunnel.
 24421 | Volcano  | Entered a volcano
 24714 | Volcano  | Found a radiant altar of Vehumet.
 24777 | Volcano  | Got the Grimoire of Embers and Concussion
 25063 | Orc:1    | Noticed Harold
 25072 | Orc:1    | Killed Harold
 25235 | Orc:1    | Noticed an orc warlord
 25625 | Orc:2    | Found an ancient bone altar of Kikubaaqudgha.
 25644 | Orc:2    | Found Hiskosun's Antique Weapon Shoppe.
 25721 | Orc:2    | Found a radiant altar of Vehumet.
 25742 | Orc:2    | Found Kakeip's Book Emporium.
 25791 | Orc:2    | Found Faathrar's Distillery.
 25791 | Orc:2    | Found a roughly hewn altar of Beogh.
 25817 | Orc:2    | Bought 2 potions of haste for 240 gold pieces
 25817 | Orc:2    | Bought a potion of might for 48 gold pieces
 25817 | Orc:2    | Bought a potion of curing for 36 gold pieces
 25817 | Orc:2    | Bought a potion of ambrosia for 96 gold pieces
 25817 | Orc:2    | Bought a potion of flight for 36 gold pieces
 25817 | Orc:2    | Bought 2 potions of mutation for 192 gold pieces
 25825 | Orc:2    | Found Cyizitoq's Jewellery Emporium.
 25842 | Orc:2    | Bought the amulet of Sigeiv {Acrobat Rampage rN+ Will+
                  | Regen+ MP+9} for 919 gold pieces
 26294 | Orc:2    | Killed an orc warlord
 26823 | D:11     | Bought a +1 cloak of stealth for 214 gold pieces
 26823 | D:11     | Bought a +1 pair of gloves of strength for 214 gold pieces
 26880 | D:13     | Noticed Urug
 26880 | D:13     | Found a gate to the Vaults.
 26898 | D:12     | Reached XP level 16. HP: 145/155 MP: 16/16
 26924 | D:13     | Killed Urug
 27555 | D:14     | Found Goicaef's Magic Scroll Shop.
 27569 | D:14     | Bought a scroll of enchant armour for 105 gold pieces
 27569 | D:14     | Bought a scroll of enchant weapon for 105 gold pieces
 27569 | D:14     | Bought a scroll of butterflies for 56 gold pieces
 28484 | D:15     | Entered Level 15 of the Dungeon
 28500 | D:15     | Found a staircase to the Depths.
 29891 | Lair:5   | Bought the ring "Kiesk" {rPois Str+3 Int+6 Dex-2} for 887
                  | gold pieces
 30027 | Spider:1 | Entered Level 1 of the Spider Nest
 30337 | Spider:1 | Acquired the ring "Puuwoquc" {rN+ Will++ EV+4 Int-2 SInv}
 30844 | Spider:1 | Acquired 879 gold pieces
 31144 | Spider:2 | Reached XP level 17. HP: 155/165 MP: 17/17
 32730 | Swamp:1  | Entered Level 1 of the Swamp
 33748 | Swamp:2  | Noticed Jorgrun
 33759 | Swamp:2  | Killed Jorgrun
 34317 | Swamp:3  | Noticed Donald
 34318 | Swamp:3  | Noticed Louise
 35107 | Elf:1    | Entered Level 1 of the Elven Halls
 35109 | Elf:1    | Identified the +2 helmet of the Hurling Gods {rElec Str+2}
 35256 | Elf:1    | Reached XP level 18. HP: 176/176 MP: 18/18
 35462 | Elf:1    | Found Roil's Jewellery Boutique.
 35468 | Elf:1    | Found Memucre's Magic Scroll Boutique.
 35483 | Elf:1    | Paralysed by an air elemental for 1 turns
 35488 | Elf:1    | Paralysed by an air elemental for 1 turns
 35554 | Elf:1    | Bought a scroll of magic mapping for 97 gold pieces
 35554 | Elf:1    | Bought a scroll of blinking for 97 gold pieces
 35554 | Elf:1    | Bought a scroll of brand weapon for 123 gold pieces
 35554 | Elf:1    | Bought a scroll of teleportation for 39 gold pieces
 35554 | Elf:1    | Bought a scroll of blinking for 97 gold pieces
 35575 | Elf:1    | Found Takec's Weapon Boutique.
 35699 | Elf:1    | Found Qyegu's General Store.
 35707 | Elf:1    | Bought a scroll of enchant armour for 112 gold pieces
 35707 | Elf:1    | Bought a scroll of teleportation for 45 gold pieces
 35782 | Elf:1    | Found Xynomo's Armour Shoppe.
 35905 | Elf:1    | Found Wacof's Magic Scroll Boutique.
 35909 | Elf:1    | Bought a scroll of teleportation for 42 gold pieces
 35909 | Elf:1    | Bought a scroll of magic mapping for 105 gold pieces
 35909 | Elf:1    | Bought a scroll of acquirement for 728 gold pieces
 35909 | Elf:1    | Bought a scroll of teleportation for 42 gold pieces
 35909 | Elf:1    | Acquired the +2 cloak "Yteeffiz" {rF+ Int+3}
 36055 | Elf:1    | Paralysed by an air elemental for 1 turns
 36058 | Elf:1    | Paralysed by an air elemental for 1 turns
 36323 | Elf:2    | Found Mulaitot's Antique Weapon Shop.
 36705 | Elf:2    | Noticed a Brimstone Fiend
 37383 | Elf:2    | Found a transporter.
 37393 | Elf:2    | Noticed p00ps00p's ghost (adept HOFi)
 37407 | Elf:2    | Found a transporter.
 37495 | Elf:2    | Gained mutation: You sometimes lose your temper in combat.
                  | [a shining eye]
 37527 | Elf:2    | Killed p00ps00p's ghost
 37545 | Elf:2    | Identified the ring of Fuanawka {Fly rElec}
 37549 | Elf:2    | Identified the ring "Ziptaiwa" {Fly rElec rCorr AC+4}
 37886 | Elf:2    | Found a runed translucent gate.
 37887 | Elf:2    | Found a runed translucent gate.
 37887 | Elf:2    | Found a runed translucent gate.
 37949 | Elf:2    | Found a stormy altar of Qazlal.
 37949 | Elf:2    | Paralysed by an air elemental for 1 turns
 38154 | Elf:2    | Reached XP level 19. HP: 170/187 MP: 19/19
 39454 | Spider:4 | Entered Level 4 of the Spider Nest
 40494 | Lair:5   | Lost mutation: You sometimes lose your temper in combat.
                  | [potion of mutation]
 40494 | Lair:5   | Gained mutation: You are robust. (+10% HP) [potion of
                  | mutation]
 40494 | Lair:5   | Gained mutation: Your magical capacity is low. (-10% MP)
                  | [potion of mutation]
 40494 | Lair:5   | Gained mutation: Your muscles are strong. (Str +4, Int/Dex
                  | -1) [potion of mutation]
 40494 | Lair:5   | Gained mutation: You are very robust. (+20% HP) [potion of
                  | mutation]
 41311 | Spider:4 | Got a gossamer rune of Zot
 41594 | Swamp:4  | Entered Level 4 of the Swamp
 41934 | Swamp:3  | Killed Donald
 42136 | Swamp:3  | Killed Louise
 42521 | Swamp:3  | Reached XP level 20. HP: 170/237 MP: 18/18
 42553 | Swamp:3  | Bought the +8 whip "Snakebite" {venom, curare, rPois} for
                  | 1734 gold pieces
 42553 | Swamp:3  | Found the +8 whip "Snakebite" {venom, curare, rPois}
 42755 | Swamp:4  | Got a decaying rune of Zot
 43667 | Vaults:1 | Entered Level 1 of the Vaults
 44363 | Vaults:1 | Got the Papyrus of the Frigorific Boulder
 44811 | Vaults:1 | Identified the +4 ring mail of Vehumet's Castigation {Int+2
                  | Slay+2 Stlth-}
 45240 | Vaults:1 | Bought a scroll of fear for 80 gold pieces
 45240 | Vaults:1 | Bought a scroll of teleportation for 60 gold pieces
 45240 | Vaults:1 | Bought a scroll of magic mapping for 150 gold pieces
 45240 | Vaults:1 | Bought a scroll of enchant weapon for 150 gold pieces
 45240 | Vaults:1 | Bought a scroll of teleportation for 60 gold pieces
 45514 | Vaults:2 | Reached XP level 21. HP: 250/250 MP: 18/18
 45533 | Vaults:2 | Found a staircase to the Crypt.
 46128 | Vaults:2 | Found a portal to a secret trove of treasure.
 48079 | Vaults:4 | Noticed Frederick
 48093 | Vaults:4 | Killed Frederick
 48255 | Vaults:4 | Found a crumbling gateway.
 48566 | Vaults:4 | Reached XP level 22. HP: 233/264 MP: 19/19
 48843 | Vaults:4 | Found Utrum's General Store.
 48849 | Vaults:4 | Bought a scroll of teleportation for 48 gold pieces
 48849 | Vaults:4 | Bought a potion of berserk rage for 80 gold pieces
 49422 | Vaults:5 | Entered Level 5 of the Vaults
 49942 | Vaults:5 | Noticed a golden dragon
 49952 | Vaults:5 | Noticed a golden dragon
 49958 | Vaults:4 | Killed a golden dragon
 49970 | Vaults:5 | Noticed a golden dragon
 49975 | Vaults:5 | Noticed a dread lich
 49978 | Vaults:5 | Killed a golden dragon
 50017 | Vaults:4 | Killed a dread lich
 50044 | Vaults:4 | Killed a golden dragon
 51005 | Vaults:5 | Noticed an ancient lich
 51434 | Vaults:4 | Killed an ancient lich
 51435 | Vaults:4 | Reached XP level 23. HP: 157/274 MP: 20/20
 52070 | Vaults:4 | Reached skill level 1 in Stealth
 52379 | Vaults:5 | Identified the +1 helmet of Complete Protection {rF- MP+9
                  | Dex-4 Slay+5}
 52678 | Vaults:5 | Got a silver rune of Zot
 52682 | Vaults:5 | Identified the +8 broad axe of Responsibility {freeze,
                  | Fragile rF+ rCorr Dex+4}
 52882 | Vaults:5 | Identified the +4 scale mail of Gueg {Str+5}
 52950 | Vaults:5 | Identified the +0 cloak "Iher Jenina" {rC+}
 53440 | Vaults:5 | Bought a runed cloak for 270 gold pieces
 53440 | Vaults:5 | Bought a pair of embroidered gloves for 270 gold pieces
 53771 | Depths:1 | Entered Level 1 of the Depths
 53812 | Depths:1 | Found a one-way gate leading to the halls of Pandemonium.
 53894 | Depths:1 | Reached skill level 5 in Stealth
 54334 | Depths:1 | Found a runed translucent gate.
 54334 | Depths:1 | Found a runed translucent gate.
 54334 | Depths:1 | Found a runed translucent gate.
 54337 | Depths:1 | Noticed p00ps00p's ghost (adept HOFi)
 54601 | Depths:1 | Found a gateway to Hell.
 55023 | Depths:1 | Killed p00ps00p's ghost
 55144 | Depths:1 | Acquired 687 gold pieces
 55561 | Depths:2 | You fall into a shaft and drop 2 floors!
 55561 | Depths:4 | Entered Level 4 of the Depths
 55597 | Depths:4 | Noticed a golden dragon
 55597 | Depths:4 | Gained mutation: You passively dampen the noise of your
                  | surroundings. [a shining eye]
 55606 | Depths:4 | Killed a golden dragon
 55920 | Depths:4 | Found a gate to the Realm of Zot.
 56023 | Depths:4 | Reached skill level 10 in Stealth
 56034 | Depths:4 | Noticed a golden dragon
 56041 | Depths:4 | Killed a golden dragon
 56269 | Depths:4 | Identified the +1 helmet of Happy Babbling {Dex+6}
 56396 | Depths:4 | Reached XP level 24. HP: 285/285 MP: 19/20
 56579 | Depths:4 | Noticed a juggernaut
 56666 | Depths:4 | Noticed a caustic shrike
 56674 | Depths:4 | Killed a caustic shrike
 56894 | Depths:4 | Noticed a caustic shrike
 56894 | Depths:4 | Noticed an ancient lich
 56895 | Depths:4 | Noticed an ancient lich
 57330 | Depths:4 | Killed an ancient lich
 57544 | Depths:4 | Killed a caustic shrike
 58252 | Depths:3 | Identified the +1 leather armour "Ymeuxker" {Rampage rElec
                  | Int-5 Dex+6}
 58408 | Depths:3 | Found the ring of the Mage {Wiz Archmagi}
 59454 | Depths:2 | Found a one-way gateway to a ziggurat.
 59642 | Depths:2 | Reached skill level 15 in Stealth
 60467 | Depths:2 | Bought a spiked kite shield for 294 gold pieces
 60467 | Depths:2 | Identified the +5 kite shield of Qestray {rC+ Str+4} (You
                  | bought it in a shop on level 2 of the Depths)
 60467 | Depths:2 | Bought a potion of haste for 310 gold pieces
 60467 | Depths:2 | Bought dazzling fire dragon scales for 2015 gold pieces
 60467 | Depths:2 | Identified the +3 fire dragon scales "Myal" {Contam rF++
                  | rC- rN+ Str+9 Stlth-} (You bought it in a shop on level 2
                  | of the Depths)
 60467 | Depths:2 | Bought a potion of curing for 93 gold pieces
 60467 | Depths:2 | Bought a potion of curing for 93 gold pieces
 60467 | Depths:2 | Bought a wand of mindburst (8) for 347 gold pieces
 60622 | Depths:4 | Killed an ancient lich
 60711 | Depths:4 | Got the Omnibus of Shaping
 60775 | Depths:4 | Voluntarily entered the Abyss.
 60777 | Abyss:1  | Found a corrupted altar of Lugonu.
 61507 | Abyss:1  | Reached XP level 25. HP: 295/295 MP: 20/20
 61930 | Abyss:1  | Gained mutation: Your spells are a little easier to cast,
                  | but a little less powerful. [a cacodemon]
 62656 | Abyss:1  | Found a corrupted altar of Lugonu.
 63086 | Abyss:1  | Gained mutation: Armour fits poorly on your strangely
                  | shaped body. [a neqoxec]
 63151 | Abyss:1  | Lost mutation: Armour fits poorly on your strangely shaped
                  | body. [potion of mutation]
 63151 | Abyss:1  | Lost mutation: You passively dampen the noise of your
                  | surroundings. [potion of mutation]
 63151 | Abyss:1  | Lost mutation: Your magical capacity is low. (-10% MP)
                  | [potion of mutation]
 63151 | Abyss:1  | Gained mutation: You occasionally lose the ability to drink
                  | potions when taking damage. [potion of mutation]
 63151 | Abyss:1  | Lost mutation: You are very robust. (+20% HP) [potion of
                  | mutation]
 63152 | Abyss:1  | Lost mutation: You are robust. (+10% HP) [potion of
                  | mutation]
 63152 | Abyss:1  | Lost mutation: You occasionally lose the ability to drink
                  | potions when taking damage. [potion of mutation]
 63152 | Abyss:1  | Lost mutation: Your muscles are strong. (Str +4, Int/Dex
                  | -1) [potion of mutation]
 63152 | Abyss:1  | Gained mutation: You are vulnerable to cold. (rC-) [potion
                  | of mutation]
 63152 | Abyss:1  | Gained mutation: You have hidden genetic potential. [potion
                  | of mutation]
 63654 | Abyss:1  | Paralysed by you for 3 turns
 63870 | Abyss:1  | Gained mutation: Your spells are easier to cast, but less
                  | powerful. [a neqoxec]
 64571 | Abyss:2  | Paralysed by accursed screaming for 1 turns
 64943 | Abyss:2  | Reached XP level 26. HP: 184/254 MP: 0/23
 65100 | Abyss:2  | Gained mutation: You occasionally lose the ability to drink
                  | potions when taking damage. [a neqoxec]
 65222 | Abyss:2  | Found a corrupted altar of Lugonu.
 65560 | Abyss:2  | Gained mutation: You have great hidden genetic potential.
                  | [hidden potential]
 66573 | Abyss:2  | Found a corrupted altar of Lugonu.
 67188 | Abyss:2  | Gained mutation: You occasionally lose the ability to read
                  | scrolls when taking damage. [a neqoxec]
 67334 | Abyss:2  | Gained mutation: You sometimes lose your temper in combat.
                  | [a neqoxec]
 67451 | Abyss:2  | Gained mutation: You sometimes lose the ability to drink
                  | potions when taking damage. [a cacodemon]
 67575 | Abyss:2  | Reached XP level 27. HP: 266/271 MP: 18/23
 67581 | Abyss:2  | Lost mutation: You are vulnerable to cold. (rC-) [potion of
                  | mutation]
 67581 | Abyss:2  | Lost mutation: You have great hidden genetic potential.
                  | [potion of mutation]
 67581 | Abyss:2  | Lost mutation: You sometimes lose the ability to drink
                  | potions when taking damage. [potion of mutation]
 67581 | Abyss:2  | Gained mutation: You do not regenerate when monsters are
                  | visible. [potion of mutation]
 67581 | Abyss:2  | Lost mutation: You sometimes lose your temper in combat.
                  | [potion of mutation]
 67581 | Abyss:2  | Gained mutation: Your body sometimes deteriorates upon
                  | taking damage. [potion of mutation]
 67582 | Abyss:2  | Lost mutation: You occasionally lose the ability to read
                  | scrolls when taking damage. [potion of mutation]
 67582 | Abyss:2  | Lost mutation: Your spells are easier to cast, but less
                  | powerful. [potion of mutation]
 67582 | Abyss:2  | Gained mutation: You passively dampen the noise of your
                  | surroundings. [potion of mutation]
 67583 | Abyss:2  | Lost mutation: You have hidden genetic potential. [potion
                  | of mutation]
 67583 | Abyss:2  | Lost mutation: Your body sometimes deteriorates upon taking
                  | damage. [potion of mutation]
 67583 | Abyss:2  | Gained mutation: You occasionally shout uncontrollably at
                  | your foes. [potion of mutation]
 67583 | Abyss:2  | Gained mutation: A frigid envelope surrounds you and
                  | freezes all who hurt you. [potion of mutation]
 67584 | Abyss:2  | Lost mutation: You do not regenerate when monsters are
                  | visible. [potion of mutation]
 67584 | Abyss:2  | Lost mutation: Your spells are a little easier to cast, but
                  | a little less powerful. [potion of mutation]
 67584 | Abyss:2  | Gained mutation: Your flesh is cold resistant. (rC+)
                  | [potion of mutation]
 67584 | Abyss:2  | Gained mutation: You are occasionally teleported next to
                  | monsters. [potion of mutation]
 67584 | Abyss:2  | Gained mutation: You have an increased reservoir of magic.
                  | (+10% MP) [potion of mutation]
 67602 | Abyss:2  | Reached skill level 27 in Fighting
 67756 | Abyss:2  | Found a corrupted altar of Lugonu.
 67804 | Abyss:2  | Found a corrupted altar of Lugonu.
 67943 | Abyss:3  | Found a corrupted altar of Lugonu.
 68127 | Abyss:3  | Reached skill level 27 in Axes
 68195 | Abyss:3  | Reached skill level 1 in Dodging
 68323 | Abyss:3  | Gained mutation: You are clumsy. (Dex -2) [a cacodemon]
 68484 | Abyss:4  | Found a shadowy altar of Dithmenos.
 68507 | Abyss:4  | Reached skill level 5 in Dodging
 68692 | Abyss:4  | Found a corrupted altar of Lugonu.
 68692 | Abyss:4  | Found a corrupted altar of Lugonu.
 68693 | Abyss:4  | Got an abyssal rune of Zot
 68730 | Depths:4 | Escaped the Abyss
 68731 | Depths:4 | Lost mutation: Your flesh is cold resistant. (rC+) [potion
                  | of mutation]
 68731 | Depths:4 | Lost mutation: You occasionally lose the ability to drink
                  | potions when taking damage. [potion of mutation]
 68732 | Depths:4 | Lost mutation: You are clumsy. (Dex -2) [potion of
                  | mutation]
 68732 | Depths:4 | Lost mutation: You are occasionally teleported next to
                  | monsters. [potion of mutation]
 68732 | Depths:4 | Gained mutation: Your muscles are strong. (Str +4, Int/Dex
                  | -1) [potion of mutation]
 68732 | Depths:4 | Lost mutation: You frequently scream uncontrollably at your
                  | foes. [potion of mutation]
 68732 | Depths:4 | Gained mutation: You are robust. (+10% HP) [potion of
                  | mutation]
 68965 | Vaults:2 | You showed the abyssal rune of Zot to enter a treasure
                  | trove
 68966 | Trove    | Entered a treasure trove
 68973 | Trove    | Identified the +9 broad axe of the Fox {spect, rCorr}
 68986 | Trove    | Identified the +0 hat "Soexufi" {Drain Fly rPois MP-9}
 68993 | Trove    | Identified the +0 pair of gloves of the Present {SInv
                  | Stlth+}
 69265 | Zig:1    | Entered Level 1 of a ziggurat
 69280 | Zig:2    | Entered Level 2 of a ziggurat
 69317 | Zig:3    | Entered Level 3 of a ziggurat
 69365 | Zig:4    | Entered Level 4 of a ziggurat
 69381 | Zig:4    | Identified the +8 spear of Evolution {venom, rC+ Int+3}
 69412 | Zig:5    | Entered Level 5 of a ziggurat
 69416 | Zig:5    | Found the ring of Shadows {Umbra +Inv Stlth+}
 69647 | Zig:6    | Entered Level 6 of a ziggurat
 69684 | Zig:6    | Identified the amulet of the Republic {Acrobat Rampage
                  | *Slow Int+3 Dex+7}
 69709 | Zig:7    | Entered Level 7 of a ziggurat
 69715 | Zig:7    | Noticed a juggernaut
 69726 | Zig:7    | Killed a juggernaut
 69766 | Zig:7    | Identified the +0 storm dragon scales "Xockysoy" {rElec
                  | rF+}
 69771 | Zig:7    | Identified the ring "Cibel" {rN++ MP+9 Int-3}
 69861 | Zig:8    | Entered Level 8 of a ziggurat
 69925 | Zig:8    | Identified the +7 short sword of Compound Interest {holy,
                  | rCorr SInv}
 69940 | Zig:9    | Entered Level 9 of a ziggurat
 70116 | Zig:10   | Entered Level 10 of a ziggurat
 70126 | Zig:10   | Noticed an ancient lich
 70131 | Zig:10   | Reached skill level 10 in Dodging
 70133 | Zig:10   | Killed an ancient lich
 70135 | Zig:10   | HP: 22/450 [hellephant (7)]
 70136 | Zig:10   | HP: 7/450 [searing wretch (7)]
 70136 | Zig:10   | Mangled by a searing wretch

Illustrated notes

Levels and vault maps discovered:
D:1:      ebering_trefoil_3fold, layout_rooms, amcnicky_mini_pool_small,
          minmay_tromino_v4_a
D:2:      layout_basic, minmay_tripent
D:3:      layout_rooms, shapermc_ecumenical_altar_gd, serial_forest,
          infiniplex_forest_straight_3, infiniplex_forest_straight_4,
          infiniplex_forest_lined_3_way, infiniplex_forest_lined_1,
          infiniplex_forest_straight_4, infiniplex_forest_lined_corner,
          infiniplex_forest_clump_small, chequers_serial_rivers_marsh,
          nicolae_figureground_sparkle, uniq_crazy_yiuf_cottage
D:4:      layout_basic, gammafunk_ghost_abyssal_escape, dreamdust_wishing_well
D:5:      layout_basic, nicolae_shop_vocational, uniq_sigmund
D:6:      layout_rooms, xom_teletrap_fun, nicolae_uskayaw_dance_studio,
          minmay_temple_entry_fiery, corexii_shack
D:7:      lemuel_bear_cage, layout_cave_pools, gammafunk_ghost_cemetery
D:8:      layout_loops_ring, mainiacjoe_overflow_two_lobes, lair_entry_dummy,
          hangedman_decor_slide_cut, uniq_joseph
D:9:      layout_roguey, uniq_erica
D:10:     layout_loops_corners, mainiacjoe_overflow_tiny_flanked, uniq_maurice,
          uniq_erolcha, uniq_psyche, uniq_maggie
D:11:     layout_loops_cross, minmay_rotating_lava
D:12:     layout_gridville, orc_0_dummy, grunt_ministairs_9,
          nicolae_shop_clearance
D:13:     layout_long_grid, david_vaults_3
D:14:     layout_basic, serial_bayou_pond_a, serial_shops, shop
D:15:     gammafunk_depths_entry_grave, layout_basic, gauntlet_entry_generic,
          amethyst_killhole
Temple:   minmay_crystal_spiral_temple
Lair:1:   layout_hall_layers, basic_altar, infiniplex_staircase_pool_2,
          uniq_grum
Lair:2:   layout_small_grid, nicolae_spider_entry_orb_guardian,
          portal_ice_cave_entry_pillars_2, special_room [special_room_bee],
          cheibrodos_lair_lostbears, uniq_prince_ribbit2
Lair:3:   layout_regular_city, minmay_swamp_entry_worms, st_stairs_5,
          grunt_megastairs_4, lemuel_fruit_tree, uniq_fannar, uniq_nergalle
Lair:4:   layout_cave_pods, minmay_slime_entry_eyes, wad_woods_06
Lair:5:   due_jungle_book, layout_concentric_octagons, serial_bayou_shore_b,
          uniq_josephine, uniq_sonja
Swamp:1:  layout_basic_swamp, nicolae_swamp_trees_clearing
Swamp:2:  layout_basic_swamp, hangedman_swamp_ruin_wall, ldierk_geyser,
          swamp_pool1, uniq_jorgrun
Swamp:3:  layout_basic_swamp, evilmike_swamp_ruin_rubble_2, uniq_louise,
          uniq_donald
Swamp:4:  swamp_alternative, layout_basic_swamp, swamp_pool3,
          cheibrodos_swamp_pet_leeches
Spider:1: layout_spider_delve
Spider:2: layout_spider_delve, nicolae_spider_twisty_arc_passages
Spider:3: spiders_nest_a
Spider:4: grunt_spider_rune_circles
Orc:1:    layout_caves, serial_shops, nicolae_square_shop, uniq_harold
Orc:2:    kennysheep_orc_mage_school, layout_caves,
          lightli_volcano_entry_magma_tube
Elf:1:    elf_arrival_001, layout_geoelf_octagon, serial_shops, shop, shop,
          nicolae_shop_competitors_out_of_business, shop_statue,
          hangedman_elven_crosses_minicolossus, ebering_dispersal_statue_hall,
          serial_sigils_hangedman_gnaw, minmay_shop_star
Elf:2:    nicolae_elf_blades_splatter_lattice [nicolae_blade_tridents],
          layout_loops_cross, gammafunk_ghost_berserking_beasts, serial_shops,
          nicolae_square_shop, nicolae_elf_altarnating
Vaults:1: hangedman_vaults_stagger, ontoclasm_vaults_idyll, vaults_dpeg_doors,
          grunt_vaults_focal, v_misc_1, vaults_standard_mumra_x,
          ontoclasm_vaults_bender, nicolae_vaults_meeting,
          nicolae_vaults_what_the_h, v_misc_11, vaults_dpeg_encased_lava,
          v_misc_11, nicolae_vaults_little_squares_2,
          nicolae_vaults_specimen_jars, layout_vaults_ring
Vaults:2: vaults_dpeg_emergency_exit, ontoclasm_vaults_ring_small, v_pattern_3,
          minmay_crypt_entry_simple_walls, ontoclasm_vaults_tryst,
          nicolae_vaults_know_your_exits, vaults_standard_mumra_lines,
          vaults_room_ringed_pool, nicolae_vaults_shelves_hall, v_rooms_2,
          vaults_room_hallway, nicolae_vaults_alarming, vaults_dpeg_ring,
          layout_vaults_omnicross, nicolae_trove_entry_columns
Vaults:3: nicolae_vaults_network_periphery, vaults_room_semicircle,
          v_alt_pattern_4, hangedman_vaults_slither, hangedman_vaults_capsules,
          nicolae_vaults_mini_display_case, layout_vaults_omnigrid
Vaults:4: portal_desolation_entry_salt, ontoclasm_vaults_decontamination,
          v_alt_pattern_4, v_misc_25, v_misc_26, v_alt_pattern_2, v_pattern_5,
          grunt_vaults_funnel, grunt_vaults_swirl, ontoclasm_vaults_ring_small,
          nicolae_vaults_arrows, nicolae_vaults_asterisk, st_spiral_rooms,
          vaults_room_fancy_cross, layout_vaults_maze, serial_shops,
          shop_fountains, uniq_frederick
Vaults:5
Depths:1: layout_gridlike, grunt_pan_entry_zigzag, gammafunk_ghost_split,
          hex_medium, hell_entry, serial_bayou_pond_c, kennysheep_just_a_vault
Depths:2: gammafunk_mikee_crab_dinner, layout_gridville, enter_ziggurat_e,
          grunt_hell_entry_dis_mu, grunt_pan_entry_spiral,
          serial_sigils_hangedman_carve
Depths:3: kennysheep_windowed_halls, layout_cave_pools, abyss_entry,
          nicolae_titane, hell_entry
Depths:4: hangedman_pleasuredromes, abyss_entry, hell_entry
Zig:10

Skill      XL: |  1  2  3  4  5  6  7  8  9 10 11 12 13 14 15 16 17 18 19 20 21 22 23 24 25 26 27 |
---------------+----------------------------------------------------------------------------------+-----
Axes           | 3 4 5 6 7 9 11 12 14 15 17 18 19 20 21 22 23 24 25 26 27 | 27.0
Fighting       | 4 5 6 7 9 10 11 13 14 15 17 18 19 20 21 22 23 24 26 27 | 27.0
Armour         | 4 5 6 8 9 11 12 13 14 15 16 17 18 19 20 21 22 | 22.5
Shields        | 4 5 6 8 9 10 12 13 14 15 16 17 18 19 20 21 22 | 22.5
Stealth        | 11 16 20 22 | 22.2
Dodging        | 10 | 10.3

Action                   |  1- 3 |  4- 6 |  7- 9 | 10-12 | 13-15 | 16-18 | 19-21 | 22-24 | 25-27 || total
-------------------------+-------+-------+-------+-------+-------+-------+-------+-------+-------++-------
Melee: War axe           |    71 |   102 |   161 |   348 |   978 |   270 |    95 |       |     9 ||  2034
       Broad axe         |       |       |       |       |       |  1135 |  1302 |  1363 |  2059 ||  5859
       Whip              |       |       |       |       |       |       |   120 |       |       ||   120
       Unarmed           |       |       |       |       |       |       |       |     3 |       ||     3
Invok: Call Merchant     |       |       |       |     1 |     3 |     1 |     2 |     4 |       ||    11
Evoke: Wand              |       |       |       |    10 |     4 |     2 |     4 |       |       ||    20
       Phantom mirror    |       |       |       |       |       |       |       |       |     1 ||     1
  Use: Scroll            |     6 |     4 |     4 |     6 |    12 |    20 |    11 |     8 |     4 ||    75
       Potion            |       |     1 |       |     5 |     6 |     8 |     6 |       |    11 ||    37
 Stab: Distracted        |       |       |     1 |       |    21 |    16 |     9 |    27 |   105 ||   179
       Sleeping          |       |       |       |       |       |     1 |       |     4 |     1 ||     6
       Confused          |       |       |       |       |       |       |     1 |       |       ||     1
       Invisible         |       |       |       |       |       |       |       |       |     5 ||     5
       Petrified         |       |       |       |       |       |       |       |       |     1 ||     1
Armor: Scale mail        |     4 |       |       |       |   212 |    89 |       |       |       ||   305
       Chain mail        |    31 |    54 |    87 |   145 |    72 |       |       |       |       ||   389
       Plate armour      |       |       |       |       |     3 |   394 |   674 |   347 |   306 ||  1724
Dodge: Dodged            |    23 |    31 |    58 |    83 |   191 |   331 |   523 |   286 |   295 ||  1821
Block: Buckler           |    12 |    20 |    36 |    69 |       |       |       |       |       ||   137
       Tower shield      |       |       |       |     8 |   722 |  1328 |  1780 |  1343 |  1634 ||  6815

Table legend: (Time is in decaauts)
 A = Elapsed time spent in this place.
 B = Non-inter-level travel time spent in this place.
 C = Inter-level travel time spent in this place.
 D = Time resting spent in this place.
 E = Time spent auto-exploring this place.
 F = Levels seen in this place.
 G = Mean time per level.
                   A        B        C        D        E       F      G
               +--------+--------+--------+--------+--------+-----+--------+
         Total |  69548 |  64530 |   5018 |  12278 |  32113 |  59 | 1178.8 |
       Dungeon |  16810 |  14912 |   1898 |   3238 |   8285 |  15 | 1120.7 |
        Temple |    222 |    146 |     76 |      0 |    112 |   1 |  222.0 |
          Lair |  10293 |   8888 |   1405 |   2124 |   5073 |   5 | 2058.6 |
         Swamp |   3925 |   3698 |    227 |    730 |   1736 |   4 |  981.2 |
   Spider Nest |   4184 |   3813 |    371 |    434 |   1959 |   4 | 1046.0 |
  Orcish Mines |   2282 |   2117 |    165 |    332 |    990 |   2 | 1141.0 |
   Elven Halls |   4066 |   3901 |    165 |   1001 |   1429 |   2 | 2033.0 |
        Vaults |   9970 |   9486 |    484 |   2512 |   4382 |   5 | 1994.0 |
        Depths |   6963 |   6739 |    224 |    320 |   4910 |   4 | 1740.8 |
         Abyss |   7567 |   7567 |      0 |    342 |   2606 |   4 | 1891.8 |
      Ziggurat |    838 |    838 |      0 |    325 |      7 |  10 |   83.8 |
         Trove |     75 |     75 |      0 |      0 |      6 |   1 |   75.0 |
      Ice Cave |   1895 |   1895 |      0 |    919 |    598 |   1 | 1895.0 |
       Volcano |    453 |    453 |      0 |      0 |     18 |   1 |  453.0 |
               +--------+--------+--------+--------+--------+-----+--------+

Top non-repeatable levels by time:
Vaults:4: 4111 daAuts
 Abyss:2: 3423 daAuts
 Abyss:1: 3392 daAuts
  Lair:5: 3273 daAuts
  Lair:3: 2240 daAuts
Depths:4: 2224 daAuts
   Elf:1: 2080 daAuts
   Elf:2: 1985 daAuts
    D:10: 1960 daAuts
   IceCv: 1895 daAuts
  Lair:4: 1822 daAuts
Depths:2: 1756 daAuts
Vaults:5: 1691 daAuts
  Lair:2: 1664 daAuts
     D:8: 1648 daAuts
